 Dungeon Crawl Stone Soup version 0.29-a0-575-g0dc89cf053 (webtiles) character file.

Game seed: 9026359020453525592

590 tilp the Grave Robber (level 7, -5/51 HPs)
             Began as a Mummy Necromancer on June 12, 2022.
             Slain by a bullfrog (8 damage)
             ... on level 5 of the Dungeon.
             The game lasted 00:08:11 (4790 turns).

tilp the Grave Robber (Mummy Necromancer)           Turns: 4790, Time: 00:08:11

Health: -5/51      AC:  3    Str: 11    XL:     7   Next: 15%
Magic:  0/12       EV: 17    Int: 16    God:
Gold:   232        SH:  0    Dex: 19    Spells: 5/13 levels left

rFire   x . .      SeeInvis .   a - staff of death
rCold   + . .      Faith    .   (no shield)
rNeg    + + +      Spirit   .   f - +0 robe
rPois   ∞          Reflect  .   (no helmet)
rElec   .          Harm     .   (no cloak)
rCorr   .          Rampage  .   (no gloves)
Will    .....                   g - +0 pair of boots
Stlth   ++........              (no amulet)
HPRegen 0.17/turn               n - +4 ring of evasion
MPRegen 0.13/turn               o - +6 ring of dexterity

@: animating dead
A: cold resistance 1, negative energy resistance 3, torment resistance 2, heat
vulnerability 1, in touch with death 1, no potions
a: no special abilities


You were on level 5 of the Dungeon.
You visited 1 branch of the dungeon, and saw 5 of its levels.

You collected 232 gold pieces.

Inventory:

Hand Weapons
 b - a +0 dagger of speed
 c - a +1 dagger of venom
Missiles
 d - 77 stones
 h - 6 poisoned darts (quivered)
 j - 5 datura-tipped darts
 k - 4 boomerangs
Armour
 f - a +0 robe (worn)
 g - a +0 pair of boots (worn)
Magical Staves
 a - a staff of death (weapon)
Jewellery
 n - a +4 ring of evasion (left hand)
 o - a +6 ring of dexterity (right hand)
Wands
 p - a wand of paralysis (1)
 q - a wand of flame (19)
Scrolls
 e - a scroll of enchant armour {unknown}
 i - a scroll of noise {unknown}
 l - 2 scrolls of poison
 m - a scroll of blinking {unknown}
 r - 4 scrolls of teleportation


   Skills:
 + Level 2.5 Fighting
 - Level 2.0 Staves
 + Level 2.3 Dodging
 - Level 2.0 Stealth
 + Level 3.5 Spellcasting
 * Level 6.4 Necromancy
 - Level 2.0 Evocations


You had 5 spell levels left.
You knew the following spells:

 Your Spells              Type           Power      Damage    Failure   Level
a - Necrotize             Necr           100%       1d9       1%          1
b - Vampiric Draining     Necr           51%        2d9       3%          3
c - Animate Dead          Necr           51%        N/A       13%         4

Your spell library contained the following spells:

 Spells                   Type           Power      Damage    Failure   Level
 Agony                    Necr           51%        N/A       34%         5
 Inner Flame              Hex/Fire       2%         N/A       47%         3
 Summon Guardian Golem    Hex/Summ       2%         N/A       47%         3
 Tukima's Dance           Hex            2%         N/A       47%         3
 Cause Fear               Hex            1%         N/A       87%         4
 Passage of Golubria      Tloc           2%         N/A       87%         4
 Yara's Violent Unravell  Hex/Tmut       1%         3d3       99%         5
 Orb of Destruction       Conj           1%         9d5       100%        7
 Spellforged Servitor     Conj/Summ      1%         N/A       100%        7
 Discord                  Hex            1%         N/A       100%        8


Dungeon Overview and Level Annotations

Branches:
Dungeon (5/15)
 Temple: D:4-7

Altars:


Innate Abilities, Weirdness & Mutations

You are immune to poison.
Your flesh is cold resistant. (rC+)
You are immune to negative energy. (rN+++)
You are immune to unholy pain and torment.
You are vulnerable to heat. (rF-)
You are in touch with the powers of death.
You do not drink.


Message History

The adder bites you but does no damage. The bullfrog barely misses you.
Unknown command.
You barely miss the bullfrog.
The bullfrog is almost dead.
The bullfrog misses you. The adder bites you.
* * * LOW HITPOINT WARNING * * *
The bullfrog barely misses you. The adder misses you.
Unknown command.
You miss the bullfrog.
The bullfrog is almost dead.
The bullfrog misses you. The adder misses you. The bullfrog hits you.
* * * LOW HITPOINT WARNING * * *
Unknown command.
Casting: Necrotize (safe; 1% risk of failure)
Confirm with . or Enter, or press ? or * to list all spells.
Aiming: Necrotize (safe; 1% risk of failure)
Press: ? - help, Shift-Dir - straight line, f/p - bullfrog
Aim: a bullfrog (severely wounded, chance to affect: 83%)
You feel a strong surge of power!
The bullfrog writhes in agony.
The adder barely misses you.
The bullfrog swells and bulges.
The bullfrog barely misses you. The adder closely misses you.
You barely miss the bullfrog.
The bullfrog is almost dead.
The bullfrog hits you.
* * * LOW HITPOINT WARNING * * *
The adder bites you but does no damage.
The bullfrog snags a nearby moth with its tongue.
The bullfrog hits you.
* * * LOW HITPOINT WARNING * * *
You barely miss the bullfrog.
The bullfrog is almost dead.
The adder bites you.
* * * LOW HITPOINT WARNING * * *
The bullfrog barely misses you.
Unknown command.
The bullfrog attacks as you move away! The bullfrog closely misses you.
The adder completely misses you. The bullfrog barely misses you.
The bullfrog attacks as you move away! The bullfrog hits you!
You die...

#..###..# # ### #..###...
.. #.# ### #..##.... ...
####.###.###..#..... #..
##.....#..##.........
###..#............###..##>
#........#........###.##..
#.......S#.........#..#...
........F@................
..............###.........
...........###.....#......
...........# ...###......
.....##...<. .#. #..##..
..... ###?... #... ...
..... ...... ... .... ..
....... .. .... ..#..


You could see a bullfrog and an adder.

Vanquished Creatures
  A black bear (D:2)
  An ogre (D:4)
  A bullfrog (D:4)
  2 scorpions (D:4)
  A jelly (D:5)
  2 hounds
  An orc priest (D:3)
  3 gnolls (D:4)
  An ufetubus (D:4)
  2 worms (D:4)
  5 orcs (D:3)
  10 ball pythons
  6 bats
  9 endoplasms
  2 giant cockroaches
  4 goblins
  5 hobgoblins
  4 jackals (D:1)
  4 kobolds
  3 quokkas
  2 frilled lizards
  2 rats (D:1)
71 creatures vanquished.

Vanquished Creatures (collateral kills)
  An orc (D:3)
  A goblin (D:1)
2 creatures vanquished.

Grand Total: 73 creatures vanquished

Notes
Turn   | Place    | Note
-------+----------+-------------------------------------------
     0 | D:1      | tilp the Mummy Necromancer began the quest for the Orb.
     0 | D:1      | Reached XP level 1. HP: 13/13 MP: 4/4
   240 | D:1      | Reached XP level 2. HP: 20/20 MP: 2/5
   862 | D:1      | Reached skill level 1 in Fighting
   918 | D:1      | Found a faded altar of an unknown god.
  1285 | D:1      | Identified a scroll of acquirement
  1285 | D:1      | Acquired a staff of death
  1325 | D:2      | Gained mutation: You are in touch with the powers of death.
                  | [Mummy growth]
  1325 | D:2      | Reached XP level 3. HP: 26/26 MP: 5/7
  1511 | D:2      | Learned a level 3 spell: Vampiric Draining
  2063 | D:2      | Noticed a black bear
  2071 | D:2      | Killed a black bear
  2072 | D:2      | Reached skill level 1 in Staves
  2072 | D:2      | Reached skill level 5 in Necromancy
  2072 | D:2      | Reached XP level 4. HP: 30/33 MP: 0/8
  2072 | D:2      | Reached XP level 5. HP: 35/38 MP: 0/9
  3308 | D:4      | Reached XP level 6. HP: 34/44 MP: 1/10
  3696 | D:4      | Reached skill level 6 in Necromancy
  3696 | D:4      | Reached skill level 1 in Evocations
  4165 | D:4      | Reached XP level 7. HP: 30/51 MP: 0/12
  4641 | D:5      | Entered Level 5 of the Dungeon
  4670 | D:5      | Learned a level 4 spell: Animate Dead
  4790 | D:5      | Slain by a bullfrog

Illustrated notes

Levels and vault maps discovered:
D:1:      tarquinn_simple_flora_water_e, layout_basic,
          nicolae_ecumenical_lake_church, hangedman_abyss_or_decor_lesser_grid,
          minmay_misc_feat_iff
D:2:      layout_basic, kennysheep_nondescript, minivault_11,
          amcnicky_mini_rare_corridor_liquid, ebering_dispersal_statue_hall,
          kennysheep_doodads, chequers_decorated_corner,
          chequers_serial_rivers_marsh
D:3:      layout_loops_ring
D:4:      layout_loops_corners, nicolae_concentric_dashed_squares_mild
D:5:      layout_cave_pools

Skill      XL: |  1  2  3  4  5  6 |
---------------+-------------------+-----
Fighting       | 1 2 |  2.5
Spellcasting   | 3 |  3.5
Staves         | 1 2 |  2.0
Dodging        | 2 |  2.3
Stealth        | 2 |  2.0
Necromancy     | 5 6 |  6.4
Evocations     | 2 |  2.0

Action                   |  1- 3 |  4- 6 |  7- 9 || total
-------------------------+-------+-------+-------++-------
Melee: Spear             |    13 |       |       ||    13
       Dagger            |    17 |       |       ||    17
       Punch             |     1 |       |       ||     1
       Staff             |     4 |    35 |    12 ||    51
Throw: Stone             |     5 |       |       ||     5
       Dart              |     2 |     1 |       ||     3
 Cast: Necrotize         |    54 |    37 |     9 ||   100
       Vampiric Draining |     1 |    14 |     4 ||    19
       Animate Dead      |       |       |     1 ||     1
  Use: Scroll            |     4 |     1 |       ||     5
Armor: Robe              |     7 |     5 |     5 ||    17
Dodge: Dodged            |    30 |    38 |    29 ||    97

Table legend: (Time is in decaauts)
 A = Elapsed time spent in this place.
 B = Non-inter-level travel time spent in this place.
 C = Inter-level travel time spent in this place.
 D = Time resting spent in this place.
 E = Time spent auto-exploring this place.
 F = Levels seen in this place.
 G = Mean time per level.
                   A        B        C        D        E       F      G
               +--------+--------+--------+--------+--------+-----+--------+
         Total |   4793 |   4721 |     72 |    389 |   3742 |   5 |  958.6 |
       Dungeon |   4793 |   4721 |     72 |    389 |   3742 |   5 |  958.6 |
               +--------+--------+--------+--------+--------+-----+--------+

Top non-repeatable levels by time:
     D:4: 1510 daAuts
     D:1: 1296 daAuts
     D:2: 936 daAuts
     D:3: 900 daAuts
     D:5: 149 daAuts
